 Dungeon Crawl Stone Soup version 0.30.1-11-g7821555f0a (webtiles) character file.

Game seed: 7813619265162663338

14 RancidPinata the Sneak (level 2, -2/21 HPs)
             Began as an Octopode Delver on Dec 23, 2023.
             Slain by an ufetubus (3 damage)
             ... on level 5 of the Dungeon.
             The game lasted 00:01:16 (110 turns).

RancidPinata the Sneak (Octopode Delver)             Turns: 110, Time: 00:01:17

Health: -2/21      AC:  1    Str: 11    XL:     2   Next: 45%
Magic:  2/2        EV: 13    Int: 12    God:
Gold:   13         SH:  0    Dex: 13    Spells: 1/1 levels left

rFire   . . .        i - +0 rapier
rCold   . . .        (no shield)
rNeg    . . .        (helmet restricted)
rPois   .            (no amulet)
rElec   .            (no ring)
rCorr   .            (no ring)
SInv    .            (no ring)
Will    .....        (no ring)
Stlth   ++++         (no ring)
HPRegen 0.23/turn    (no ring)
MPRegen 0.08/turn    (no ring)
                     (no ring)

%: no passive effects
@: lethally poisoned (-2 -> -3), hasted, very quick
A: almost no armour, amphibious, 8 rings, camouflage 1, gelatinous body 1,
(nimble swimmer 1), tentacles
a: no special abilities


You were on level 5 of the Dungeon.
You visited 1 branch of the dungeon, and saw 2 of its levels.

You collected 13 gold pieces.

Inventory:

Hand Weapons
 a - a +0 short sword
 i - a +0 rapier (weapon)
Wands
 f - a wand of digging (3)
Scrolls
 b - 2 scrolls of fog
 c - a scroll of magic mapping
 d - a scroll of fear
 g - a scroll of identify {unknown}
 h - a scroll of enchant armour {unknown}


   Skills:
 + Level 3.1 Fighting
 * Level 2.3 Short Blades
 + Level 2.1 Dodging
 * Level 6.9 Stealth


You had one spell level left.
You didn't know any spells.
Your spell library was empty.

Dungeon Overview and Level Annotations

Branches:
Dungeon (6/15)
 Temple: D:4-7

Altars:


Innate Abilities, Weirdness & Mutations

You cannot wear most types of armour.
You are amphibious.
You can wear up to eight rings at the same time.
Your skin changes colour to match your surroundings (Stealth+).
Your rubbery body absorbs attacks. (AC +1, EV +1)
((You are camouflaged when in or above water. (Stealth+)))
You have tentacles for arms and can constrict up to eight enemies at once.


Message History

The ufetubus barely misses you. The adder bites you.
You release your grip on the ufetubus.
The ufetubus attacks as you move away! The ufetubus barely misses you.
The ufetubus closely misses you.
You hear the slow rusting of a drain nearby.
The adder closely misses you. The adder attacks as you move away!
The adder barely misses you. The ufetubus misses you. x2
You hit the ufetubus.
You kill the ufetubus!
The adder closely misses you.
You hit the adder. Your grab misses the adder.
The adder is moderately wounded.
The adder bites you.
You closely miss the adder. You grab the adder.
The adder is moderately wounded.
You constrict the adder. The adder misses you.
You hit the adder.
The adder is heavily wounded.
You constrict the adder. The adder bites you.
You are poisoned.
The adder poisons you! The adder barely misses you.
You barely miss the adder.
The adder is heavily wounded.
You constrict the adder.
You feel sick. The adder closely misses you.
You hit the adder.
The adder is almost dead.
You constrict the adder.
You kill the adder!
You feel sick. The ufetubus barely misses you. x2
You have reached level 2!
You feel yourself speed up.
You feel sick. The ufetubus hits you.
* * * LOW HITPOINT WARNING * * *
The ufetubus hits you.
* * * LOW HITPOINT WARNING * * *
You barely miss the ufetubus. Your grab misses the ufetubus.
You squeeze the ufetubus.
The ufetubus is heavily wounded.
* * * LOW HITPOINT WARNING * * *
You feel sick. The ufetubus hits you.
You die...

#.# ##### ... #.# #... ..
..# #.###.#####.### ##..#
............... ....#
......#.###.######.S.####$
#.#####.# #...............
#.#####.###..# #........
#............#####...##$..
#.#####.###....>@5S..# #.#
#.# ##.#####S.## ... #.#
#.# #..... S...###.####.#
#.##### .............# #.#
....###.###### #.# .. #.#
#.# #.. .# ###


You could see an adder, an ufetubus and a ball python.

Vanquished Creatures
  An adder (D:5)
  An ufetubus (D:5)
2 creatures vanquished.

Notes
Turn   | Place    | Note
-------+----------+-------------------------------------------
     0 | D:5      | RancidPinata the Octopode Delver began the quest for the
                  | Orb.
     0 | D:5      | Reached XP level 1. HP: 16/16 MP: 1/1
    14 | D:6      | Noticed a sleepcap
   109 | D:5      | Reached XP level 2. HP: 8/21 MP: 2/2
   110 | D:5      | HP: 1/21 [poisoned by an adder]
   110 | D:5      | Slain by an ufetubus

Illustrated notes

Levels and vault maps discovered:
D:5:      layout_loops_ring, nicolae_overflow_crystal_walls,
          portal_sewer_entry_a, corner_web_ring, uniq_menkaure
D:6:      layout_rooms, uniq_maggie

Action                     || total
---------------------------++-------
  Melee: Rapier            ||    11
         Constrict         ||     2
         Tentacles         ||     2
         Punch             ||     1
    Use: Potion            ||     1
  Dodge: Dodged            ||    24
